 Dungeon Crawl Stone Soup version 0.27-a0-1322-gfdffb62a71 (webtiles) character file.

Game seed: 6313284217584436981

11032 pokeman the Thaumaturge (level 11, -3/61 HPs)
             Began as a Deep Elf Hedge Wizard on June 21, 2021.
             Was an Elder of Vehumet.
             Slain by a boulder beetle (28 damage)
             ... on level 11 of the Dungeon on June 22, 2021.
             The game lasted 00:44:45 (14412 turns).

pokeman the Thaumaturge (Deep Elf Hedge Wizard)    Turns: 14412, Time: 00:44:45

Health: -3/61      AC: 12    Str:  7      XL:     11   Next: 44%
Magic:  13/31      EV: 12    Int: 29      God:    Vehumet [****..]
Gold:   717        SH:  0    Dex: 19 (20) Spells: 21/39 levels left

rFire    + . .     SeeInvis .   J - +1 dagger (venom)
rCold    . . .     Faith    +   (no shield)
rNeg     . . .     Spirit   .   U - +3 leather armour "Kitah" {rPois Dex+3 Slay+5}
rPois    +         Reflect  .   S - +2 helmet
rElec    .         Harm     .   z - +0 cloak
rCorr    .         Rampage  .   Q - +0 pair of fencer's gloves {Riposte Dex+3}
Will     +....                  (no boots)
Stlth    ++........             G - amulet of faith
HPRegen  0.20/turn              m - ring of protection from fire
MPRegen  0.22/turn              O - +6 ring of intelligence

@: no status effects
A: no striking features
a: Renounce Religion


You were on level 11 of the Dungeon.
You worshipped Vehumet.
Vehumet was greatly pleased with you.
You visited 2 branches of the dungeon, and saw 12 of its levels.
You also visited: Sewer and Ossuary.

You collected 927 gold pieces.
You spent 210 gold pieces at shops.

Inventory:

Hand Weapons
 b - a +0 hand crossbow
 B - a +0 arbalest
 F - a +0 shortbow
 J - a +1 dagger of venom (weapon)
Missiles
 a - 2 curare-tipped darts
 d - 89 bolts
 y - 79 arrows
 E - 6 atropa-tipped darts
Armour
 z - a +0 cloak (worn)
 A - a +0 troll leather armour
 Q - the +0 pair of fencer's gloves (worn) {Riposte Dex+3}
   (You found it on level 10 of the Dungeon)

   It affects your dexterity (+3).
 S - a +2 helmet (worn)
 T - a +1 robe of cold resistance
 U - the +3 leather armour "Kitah" (worn) {rPois Dex+3 Slay+5}
   (You found it on level 10 of the Dungeon)

   It affects your dexterity (+3).
   It affects your accuracy and damage with ranged weapons and melee attacks
   (+5).
   It protects you from poison.
Magical Staves
 I - a staff of poison
Jewellery
 m - a ring of protection from fire (left hand)
 o - a ring of see invisible
 s - a ring of ice
 G - an amulet of faith (around neck)
 L - a ring of protection from cold
 O - a +6 ring of intelligence (right hand)
 V - a +6 ring of dexterity
Wands
 u - a wand of polymorph (20)
 P - a wand of iceblast (6)
Scrolls
 e - 9 scrolls of identify
 k - 7 scrolls of enchant armour {unknown}
 l - a scroll of vulnerability {unknown}
 n - 11 scrolls of teleportation
 r - 6 scrolls of torment {unknown}
 t - 5 scrolls of fog
 x - 2 scrolls of fear {unknown}
 C - 4 scrolls of blinking
 D - a scroll of immolation {unknown}
 H - a scroll of summoning {unknown}
 K - a scroll of brand weapon {unknown}
 N - a scroll of magic mapping {unknown}
 R - a scroll of enchant weapon {unknown}
Potions
 c - 2 potions of magic {unknown}
 f - 3 potions of degeneration {unknown}
 g - a potion of brilliance {unknown}
 h - 5 potions of attraction {unknown}
 i - a potion of mutation {unknown}
 j - 5 potions of lignification {unknown}
 p - 2 potions of heal wounds {unknown}
 q - 9 potions of curing {unknown}
 v - 2 potions of flight {unknown}
 w - 2 potions of resistance {unknown}
 M - a potion of cancellation {unknown}


   Skills:
 - Level 4.1 Fighting
 + Level 4.7 Armour
 - Level 3.0 Dodging
 - Level 3.0 Stealth
 * Level 14.8 Spellcasting
 + Level 9.1 Conjurations
 - Level 1.1 Summonings
 - Level 1.1 Translocations
 + Level 8.4 Fire Magic
 - Level 1.2 Air Magic
 - Level 1.3 Poison Magic
 - Level 1.1 Evocations


You had 21 spell levels left.
You knew the following spells:

 Your Spells              Type           Power      Damage    Failure   Level
a - Magic Dart            Conj           100%       1d8       1%          1
b - Mephitic Cloud        Conj/Pois/Air  44%        N/A       1%          3
c - Call Imp              Summ           27%        N/A       3%          2
d - Blink                 Tloc           N/A        N/A       3%          2
e - Conjure Flame         Conj/Fire      64%        6-21      1%          3
f - Foxfire               Conj/Fire      100%       2x1d9     1%          1
g - Starburst             Conj/Fire      32%        8x6d10    4%          6

Your spell library contained the following spells:

 Spells                   Type           Power      Damage    Failure   Level
 Dazzling Flash           Conj/Hex       94%        N/A       1%          3
 Corona                   Hex            23%        N/A       3%          1
 Ensorcelled Hibernation  Hex/Ice        42%        N/A       4%          2
 Slow                     Hex            21%        N/A       4%          2
 Confusing Touch          Hex            21%        N/A       10%         3
 Tukima's Dance           Hex            21%        N/A       10%         3


Dungeon Overview and Level Annotations

Branches:
Dungeon (11/15)            Temple (1/1) D:4            Lair (0/6) D:11
    Orc (0/2) D:9           Sewer (visited)         Ossuary (visited)

Altars:
Ashenzari
Fedhas
Hepliaklqana
Kikubaaqudgha
Makhleb
Nemelex Xobeh
Ru
Sif Muna
Vehumet
Yredelemnul
Zin
Beogh

Shops:
D:4 *   D:10 =?!


Message History

The bolt of fire hits the yak!!
The yak is almost dead.
The bolt of fire hits the boulder beetle!!
The boulder beetle is heavily wounded.
The death yak gores you!
Unknown command.
Unknown command.
Casting: Starburst (dangerous; 4% risk of failure)
Confirm with . or Enter, or press ? or * to list all spells.
Casting: Starburst (dangerous; 4% risk of failure)
Press: ? - help, Dir - look around, f - activate The bolt of fire hits the death yak!!
The death yak is severely wounded.
The bolt of fire hits the yak!!
You kill the yak!
Vehumet accepts your kill.
The bolt of fire hits the death yak!!
The death yak is moderately wounded.
The bolt of fire hits the death yak!!
The death yak is heavily wounded.
The bolt of fire hits the yak!!
You kill the yak!
Vehumet accepts your kill.
The death yak gores you but does no damage.
You feel your dexterity returning.
Unknown command.
Casting: Starburst (dangerous; 4% risk of failure)
Confirm with . or Enter, or press ? or * to list all spells.
Casting: Starburst (dangerous; 4% risk of failure)
Press: ? - help, Dir - look around, f - activate The bolt of fire hits the death yak!!
The death yak is almost dead.
The bolt of fire hits the boulder beetle!
The boulder beetle is heavily wounded.
The bolt of fire hits the death yak!!
The death yak is severely wounded.
The bolt of fire hits the death yak!!
The death yak is almost dead.
The death yak gores you!! The boulder beetle hits you!!
You die...

#.....# ... ## ..
#.#.#.# ..##.##..
#.....# ..#......
#.....# #......#.
###.#.#.###.#......
#.#.....#>..#.....>
#.#.....#........Y.
#..@Y○Y.Y....Y.....
#..)B.#°...○○......
#..).)#............
#..)..##########$.#
#####....<# .#
####### .


You could see 3 death yaks and a boulder beetle (rolling).

Vanquished Creatures
  Fannar (D:10)
  A boulder beetle (D:8)
  3 two-headed ogres
  The ghost of ZappyNine the Fighter, a novice OgHu of the Shining One (D:7)
  An orc knight (D:10)
  2 trolls
  2 wraiths (D:10)
  Eustachio (D:5)
  2 yaks (D:11)
  2 vampire mosquitoes (D:10)
  A steam dragon (D:6)
  2 ice beasts
  A hornet zombie (D:8)
  8 orc warriors
  A sky beast (D:7)
  2 black bears
  2 ogres (D:7)
  2 centaurs
  A phantom (D:4)
  2 elf zombies (Ossuary)
  6 kobold brigands
  A bullfrog (D:7)
  2 scorpions
  A wyvern zombie (D:5)
  6 wights
  A water moccasin skeleton (D:5)
  A killer bee (D:8)
  A howler monkey (D:6)
  A bullfrog zombie (D:6)
  4 hounds
  4 quasits (D:7)
  7 centaur zombies
  2 centaur skeletons
  8 orc priests
  2 jellies (D:8)
  3 iguanas
  7 orc wizards
  5 mummies
  2 howler monkey zombies
  A howler monkey skeleton (D:5)
  2 adders
  3 shadow imps
  3 white imps
  2 adder zombies (Ossuary)
  3 worms
  2 dart slugs
  63 orcs
  8 endoplasms
  6 giant cockroaches
  3 gnoll zombies (Ossuary)
  3 goblins
  10 hobgoblins
  7 jackals
  23 kobolds
  5 quokkas
  9 ball pythons
  12 bats
  2 frilled lizards
  4 hobgoblin zombies
  A jackal zombie (Ossuary)
  An orc zombie (Ossuary)
  6 rats
  A rat zombie (Ossuary)
282 creatures vanquished.

Vanquished Creatures (collateral kills)
  A two-headed ogre (D:9)
  An orc wizard (D:4)
  A worm (Sewer)
  An orc (D:9)
  5 foxfires (D:6)
9 creatures vanquished.

Vanquished Creatures (others)
  479 foxfires
479 creatures vanquished.

Grand Total: 770 creatures vanquished

Notes
Turn   | Place    | Note
-------+----------+-------------------------------------------
     0 | D:1      | pokeman the Deep Elf Hedge Wizard began the quest for the
                  | Orb.
     0 | D:1      | Reached XP level 1. HP: 10/10 MP: 7/7
   364 | D:1      | Reached XP level 2. HP: 15/15 MP: 6/9
   937 | D:2      | Reached skill level 5 in Spellcasting
  1121 | D:2      | Found a faded altar of an unknown god.
  1147 | D:2      | Reached XP level 3. HP: 20/20 MP: 6/11
  1151 | D:2      | Learned a level 3 spell: Mephitic Cloud
  1154 | D:2      | Learned a level 2 spell: Call Imp
  1157 | D:2      | Learned a level 2 spell: Blink
  1161 | D:2      | Learned a level 3 spell: Conjure Flame
  1973 | D:3      | Reached skill level 1 in Armour
  2054 | D:3      | Reached skill level 1 in Fighting
  2680 | D:4      | Found a blossoming altar of Fedhas.
  2711 | D:4      | Found Bezau's Elemental Accessories.
  2954 | D:4      | Found a hazy altar of Hepliaklqana.
  2981 | D:4      | Found a glowing drain.
  2989 | D:4      | Reached XP level 4. HP: 14/25 MP: 7/13
  2997 | Sewer    | Entered a sewer
  4467 | D:4      | Reached skill level 1 in Fire Magic
  4495 | D:4      | Noticed a phantom
  4519 | D:4      | Reached skill level 6 in Spellcasting
  4519 | D:4      | Reached XP level 5. HP: 29/29 MP: 6/15
  5078 | D:4      | Noticed a black bear
  5104 | D:4      | Killed a black bear
  5105 | D:4      | Reached skill level 1 in Air Magic
  5105 | D:4      | Reached skill level 1 in Poison Magic
  5229 | D:4      | Found a staircase to the Ecumenical Temple.
  5234 | Temple   | Entered the Ecumenical Temple
  5274 | Temple   | Became a worshipper of Vehumet
  5477 | D:4      | Found a shimmering blue altar of Sif Muna.
  5477 | D:4      | Found an ancient bone altar of Kikubaaqudgha.
  5515 | D:4      | Killed a phantom
  5516 | D:4      | Reached XP level 6. HP: 29/34 MP: 5/17
  5678 | D:5      | Entered Level 5 of the Dungeon
  5694 | D:4      | Reached skill level 7 in Spellcasting
  5694 | D:4      | Reached skill level 1 in Evocations
  6120 | D:5      | Noticed a troll
  6129 | D:5      | Killed a troll
  6130 | D:5      | Reached XP level 7. HP: 39/39 MP: 10/20
  6237 | D:5      | Reached skill level 8 in Spellcasting
  6557 | D:5      | Noticed Eustachio
  6566 | D:5      | Killed Eustachio
  6794 | D:5      | Reached skill level 9 in Spellcasting
  6794 | D:5      | Reached XP level 8. HP: 44/44 MP: 0/23
  7143 | D:6      | Found a sacrificial altar of Ru.
  7445 | D:6      | Found a sand-covered staircase.
  7457 | Ossuary  | Entered an ossuary
  7513 | Ossuary  | Reached * piety under Vehumet
  7513 | Ossuary  | Offered knowledge of Foxfire by Vehumet.
  7517 | Ossuary  | Learned a level 1 spell: Foxfire
  7528 | Ossuary  | Reached skill level 5 in Conjurations
  7961 | D:6      | Reached skill level 10 in Spellcasting
  8799 | D:7      | Reached XP level 9. HP: 48/48 MP: 19/25
  8910 | D:7      | Found a transporter.
  8916 | D:7      | Noticed ZappyNine's ghost (novice OgHu)
  8948 | D:7      | Offered knowledge of Shock by Vehumet.
  8949 | D:7      | Reached ** piety under Vehumet
  8952 | D:7      | Reached skill level 5 in Fire Magic
  9043 | D:7      | Found a transporter.
  9295 | D:7      | Reached skill level 11 in Spellcasting
 10029 | D:8      | Offered knowledge of Ignite Poison by Vehumet.
 10333 | D:8      | Noticed a boulder beetle
 10344 | D:8      | Noticed a two-headed ogre
 10352 | D:8      | Killed a boulder beetle
 10352 | D:8      | Reached *** piety under Vehumet
 10353 | D:8      | Reached skill level 12 in Spellcasting
 10727 | D:8      | Killed a two-headed ogre
 10728 | D:8      | Reached XP level 10. HP: 56/56 MP: 9/28
 10842 | D:8      | Offered knowledge of Airstrike by Vehumet.
 11170 | D:9      | Found a burning altar of Makhleb.
 11174 | D:9      | Found a glowing silver altar of Zin.
 11174 | D:9      | Noticed a blizzard demon
 11174 | D:9      | Noticed an angel
 11184 | D:9      | Noticed a two-headed ogre
 11197 | D:9      | Killed a two-headed ogre
 11306 | D:9      | Noticed a two-headed ogre
 11316 | D:9      | Killed a two-headed ogre
 11317 | D:9      | Reached skill level 13 in Spellcasting
 11385 | D:9      | Noticed a two-headed ogre
 11412 | D:9      | Killed a two-headed ogre
 11653 | D:9      | Reached **** piety under Vehumet
 11812 | D:9      | Found a staircase to the Orcish Mines.
 11862 | D:9      | Offered knowledge of Irradiate by Vehumet.
 11946 | D:9      | Found a broken altar of Ashenzari.
 12324 | D:10     | Entered Level 10 of the Dungeon
 12328 | D:10     | Found the +0 pair of fencer's gloves {Riposte Dex+3}
 12411 | D:10     | Upgraded the game from 0.27-a0-1319-geec4fb4e21 to
                  | 0.27-a0-1322-gfdffb62a71
 12490 | D:10     | Found Arphoud's Distillery.
 12681 | D:10     | Reached skill level 14 in Spellcasting
 12743 | D:10     | Reached XP level 11. HP: 61/61 MP: 25/31
 12829 | D:10     | Reached ***** piety under Vehumet
 12839 | D:10     | Offered knowledge of Starburst by Vehumet.
 12989 | D:10     | Noticed Fannar
 13010 | D:10     | Killed Fannar
 13177 | D:10     | Found Beyf's Jewellery Emporium.
 13188 | D:10     | Learned a level 6 spell: Starburst
 13203 | D:10     | Identified the +3 leather armour "Kitah" {rPois Dex+3
                  | Slay+5}
 13222 | D:10     | Found Teatre's Magic Scroll Shop.
 13225 | D:10     | Bought a scroll of identify for 24 gold pieces
 13225 | D:10     | Bought a scroll of fog for 24 gold pieces
 13225 | D:10     | Bought a scroll of noise for 12 gold pieces
 13225 | D:10     | Bought a scroll of teleportation for 36 gold pieces
 13225 | D:10     | Bought a scroll of blinking for 90 gold pieces
 13225 | D:10     | Bought a scroll of identify for 24 gold pieces
 13566 | D:10     | Noticed an orc knight
 13627 | D:10     | Killed an orc knight
 14012 | D:7      | Killed ZappyNine's ghost
 14395 | D:11     | Noticed a death yak
 14398 | D:11     | Found a staircase to the Lair.
 14400 | D:11     | Noticed a death yak
 14401 | D:11     | Noticed a boulder beetle
 14401 | D:11     | Noticed a death yak
 14412 | D:11     | Slain by a boulder beetle

Illustrated notes

Levels and vault maps discovered:
D:1:      amcnicky_arrival_underground_garden, layout_rooms, minmay_3d_cube
D:2:      layout_basic, ebering_ecumenical_altar_webs
D:3:      layout_basic, minmay_crystal_room
D:4:      layout_basic, fedhas_altar_3, marbit_many_paths,
          gammafunk_temple_overflow_wave, minmay_temple_entry_glassed_door,
          portal_sewer_entry_b, nicolae_elemental_shop
D:5:      layout_loops_ring, uniq_eustachio
D:6:      layout_loops_ring, nicolae_ru_great_annihilating_truth,
          nicolae_ossuary_entry_giza, minmay_hedge_maze
D:7:      layout_basic, gammafunk_ghost_stat_death
D:8:      layout_cave_pods, minmay_circle_x
D:9:      layout_irregular_city, grunt_temple_overflow_order_and_chaos_2,
          kennysheep_mini_moat, erik_orc_4, grunt_ministairs_13,
          kennysheep_generic_room_4
D:10:     cheibrodos_orc_bank, layout_loops_ring, serial_shops,
          nicolae_shop_behind_doors, nicolae_shop_behind_doors,
          nicolae_shop_competitors_out_of_business, special_room
          [special_room_orc], uniq_fannar
D:11:     layout_basic, dpeg_lair_monsters, columned_hall_lemuel, minmay_holes
Temple:   dpeg_chambers_temple

Skill      XL: |  1  2  3  4  5  6  7  8  9 10 11 |
---------------+----------------------------------+-----
Spellcasting   | 5 6 7 9 10 12 14 | 14.8
Armour         | 1 3 4 |  4.7
Fighting       | 1 2 3 4 |  4.1
Conjurations   | 2 3 4 5 7 8 9 |  9.1
Dodging        | 3 |  3.0
Fire Magic     | 1 2 3 4 6 7 8 |  8.4
Air Magic      | 1 |  1.2
Poison Magic   | 1 |  1.3
Stealth        | 3 |  3.0
Evocations     | 1 |  1.1
Summonings     | |  1.1
Translocations | |  1.1

Action                   |  1- 3 |  4- 6 |  7- 9 | 10-12 || total
-------------------------+-------+-------+-------+-------++-------
Melee: Dagger            |    13 |    36 |    83 |    87 ||   219
 Cast: Magic Dart        |   130 |    99 |    80 |     4 ||   313
       Mephitic Cloud    |       |     8 |    15 |    26 ||    49
       Call Imp          |       |     9 |     4 |    10 ||    23
       Conjure Flame     |       |     7 |    26 |    31 ||    64
       Blink             |       |     2 |     4 |     3 ||     9
       Foxfire           |       |       |   153 |   111 ||   264
       Starburst         |       |       |       |    15 ||    15
 Stab: Sleeping          |     2 |       |       |       ||     2
       Confused          |       |     1 |     3 |     8 ||    12
Armor: Robe              |     9 |    29 |       |       ||    38
       Troll leather arm |       |       |    50 |    34 ||    84
       Leather armour    |       |       |       |    29 ||    29
Dodge: Dodged            |    22 |    56 |   123 |    98 ||   299
       Rpst.: Dagger     |       |       |       |    15 ||    15

Table legend: (Time is in decaauts)
 A = Elapsed time spent in this place.
 B = Non-inter-level travel time spent in this place.
 C = Inter-level travel time spent in this place.
 D = Time resting spent in this place.
 E = Time spent auto-exploring this place.
 F = Levels seen in this place.
 G = Mean time per level.
                   A        B        C        D        E       F      G
               +--------+--------+--------+--------+--------+-----+--------+
         Total |  14595 |  13868 |    727 |   1559 |   9578 |  14 | 1042.5 |
       Dungeon |  12622 |  11922 |    700 |   1350 |   8235 |  11 | 1147.5 |
        Temple |     48 |     21 |     27 |      0 |     19 |   1 |   48.0 |
         Sewer |   1560 |   1560 |      0 |    209 |   1101 |   1 | 1560.0 |
       Ossuary |    363 |    363 |      0 |      0 |    222 |   1 |  363.0 |
               +--------+--------+--------+--------+--------+-----+--------+

Top non-repeatable levels by time:
    D:10: 1579 daAuts
     D:4: 1577 daAuts
   Sewer: 1560 daAuts
     D:7: 1547 daAuts
     D:8: 1241 daAuts
     D:9: 1236 daAuts
     D:5: 1231 daAuts
     D:6: 1189 daAuts
     D:3: 1024 daAuts
     D:2: 1013 daAuts
     D:1: 928 daAuts
 Ossuary: 363 daAuts
    D:11: 52 daAuts
  Temple: 48 daAuts
